 Dungeon Crawl Stone Soup version 0.27.0-1-g7a089689b8 (webtiles) character file.

Game seed: 3339692716110788372

85 Eralyen the Shield-Bearer (level 4, -3/40 HPs)
             Began as a Minotaur Fighter on Aug 6, 2021.
             Slain by an ice beast (8 damage)
             ... on level 3 of the Dungeon.
             The game lasted 00:06:15 (1879 turns).

Eralyen the Shield-Bearer (Minotaur Fighter)        Turns: 1879, Time: 00:06:16

Health: -3/40      AC:  8    Str: 21    XL:     4   Next: 25%
Magic:  3/3        EV:  7    Int:  5    God:
Gold:   113        SH:  9    Dex: 10    Spells: 3/3 levels left

rFire    . . .     SeeInvis .   a - +0 war axe
rCold    . . .     Faith    .   c - +0 kite shield
rNeg     . . .     Spirit   .   b - +0 scale mail
rPois    +         Reflect  .   (helmet restricted)
rElec    .         Harm     .   (no cloak)
rCorr    .         Rampage  .   (no gloves)
Will     .....                  o - +0 pair of boots
Stlth    ..........             (no amulet)
HPRegen  0.13/turn              m - ring of poison resistance
MPRegen  0.08/turn              (no ring)

@: no status effects
A: horns 2, retaliatory headbutt
a: no special abilities


You were on level 3 of the Dungeon.
You visited 1 branch of the dungeon, and saw 3 of its levels.

You collected 113 gold pieces.

Inventory:

Hand Weapons
 a - a +0 war axe (weapon)
Missiles
 i - 5 boomerangs (quivered)
Armour
 b - a +0 scale mail (worn)
 c - a +0 kite shield (worn)
 o - a +0 pair of boots (worn)
Jewellery
 m - a ring of poison resistance (left hand)
Scrolls
 e - a scroll of torment {unknown}
 g - 3 scrolls of identify {unknown}
 h - 2 scrolls of enchant armour {unknown}
 l - a scroll of vulnerability {unknown}
 n - a scroll of fear {unknown}
Potions
 d - 3 potions of might
 f - a potion of attraction {unknown}
 j - a potion of ambrosia {unknown}
 k - a potion of curing {unknown}


   Skills:
 + Level 4.1 Fighting
 + Level 3.8 Axes
 + Level 4.3 Armour
 + Level 4.4 Shields


You had 3 spell levels left.
You didn't know any spells.
Your spell library was empty.

Dungeon Overview and Level Annotations

Branches:
Dungeon (3/15)

Altars:

Shops:
D:1 =


Innate Abilities, Weirdness & Mutations

You have a pair of horns on your head.
You reflexively headbutt those who attack you in melee.


Message History

There is a stone staircase leading down here.
A giant cockroach comes into view.
You see here 11 gold pieces.
You now have 106 gold pieces (gained 11).
You hit the giant cockroach. You headbutt the giant cockroach.
You kill the giant cockroach!
You now have 113 gold pieces (gained 7).
You open the door.
There is an open door here.
A ball python comes into view.
The ball python hisses angrily.
A ball python is nearby!
You hit the ball python.
You kill the ball python!
Found a stone staircase leading up.
There is a stone staircase leading up here.
An ice beast comes into view.
You block the ice beast's attack.
You slash the ice beast!
The ice beast is heavily wounded.
The ice beast hits you but does no damage.
You block the ice beast's attack.
You slash the ice beast!
The ice beast is severely wounded.
The ice beast hits you but does no damage.
You hit the ice beast.
The ice beast is severely wounded.
The ice beast hits you. The ice beast freezes you! The ice beast hits you.
The ice beast freezes you!
Your shield prevents you from hitting the ice beast.
Your headbutt misses the ice beast.
The ice beast is severely wounded.
The ice beast hits you. The ice beast freezes you!
* * * LOW HITPOINT WARNING * * *
You barely miss the ice beast. You headbutt the ice beast.
The ice beast is almost dead.
The ice beast barely misses you. The ice beast hits you.
* * * LOW HITPOINT WARNING * * *
The ice beast freezes you!
You die...

#......... #
..#
##.#########
#.#
#...........
#.#
#.#.########
#.# #.#.# #
#.# #.#.. #
#.# #.##.# #
#Y# #. .. #
#@# #. #.# #
#.# #. .. #
#.# #.# #
#.# #
#####.# #
#...#.# #
#.#.#.# #
#.#.#.#
#.#.#.#


You could see an ice beast.

Vanquished Creatures
  2 adders
  A dart slug (D:1)
  An orc (D:2)
  6 ball pythons
  7 bats
  5 endoplasms
  4 giant cockroaches
  6 goblins
  4 hobgoblins
  9 jackals
  2 quokkas (D:1)
  2 frilled lizards
  2 kobolds (D:1)
  6 rats
57 creatures vanquished.

Notes
Turn   | Place    | Note
-------+----------+-------------------------------------------
     0 | D:1      | Eralyen the Minotaur Fighter began the quest for the Orb.
     0 | D:1      | Reached XP level 1. HP: 19/19 MP: 0/0
    25 | D:1      | Found Pymop's Jewellery Emporium.
   158 | D:1      | Reached XP level 2. HP: 27/27 MP: 1/1
   628 | D:1      | Reached XP level 3. HP: 33/33 MP: 2/2
  1535 | D:3      | Found a faded altar of an unknown god.
  1544 | D:3      | Reached XP level 4. HP: 32/40 MP: 3/3
  1871 | D:3      | Noticed an ice beast
  1879 | D:3      | Slain by an ice beast

Illustrated notes

Levels and vault maps discovered:
D:1:      psy_arrival_spokes, layout_loops_ring, serial_shops,
          nicolae_diamond_shop, minivault_26
D:2:      layout_basic
D:3:      layout_basic, grunt_gozag_statues, ebering_ecumenical_altar_mist,
          nrook_campfire

Skill      XL: |  1  2  3 |
---------------+----------+-----
Armour         | 4 |  4.3
Shields        | 4 |  4.4
Axes           | 3 |  3.8
Fighting       | 4 |  4.1

Action                   |  1- 3 |  4- 6 || total
-------------------------+-------+-------++-------
Melee: War axe           |   131 |    17 ||   148
       Headbutt          |    15 |     2 ||    17
Armor: Scale mail        |    72 |     6 ||    78
Dodge: Dodged            |    49 |     3 ||    52
Block: Kite shield       |    83 |     7 ||    90
